 Dungeon Crawl Stone Soup version 0.20-a0-454-g2b43fbb (webtiles) character file.

785 HarleyQuinn the Ruffian (level 7, 0/51 HPs)
             Began as a Demonspawn Gladiator on Jan 8, 2017.
             Was an Initiate of Okawaru (penitent).
             Slain by an orc
             ... wielding a +2 dagger of venom
              (5 damage)
             ... on level 5 of the Dungeon.
             The game lasted 00:09:13 (6127 turns).

HarleyQuinn the Ruffian (Demonspawn Gladiator)      Turns: 6127, Time: 00:09:13

Health: 0/51       AC:  4    Str: 15    XL:     7   Next: 56%
Magic:  10/10      EV: 13    Int: 15    God:    Okawaru [*]
Gold:   253        SH:  0    Dex: 14    Spells: 6/6 levels left

rFire  . . .     SeeInvis .       - Unarmed
rCold  . . .     Gourm    .     C - +0 leather armour (curse)
rNeg   . . .     Faith    .     (no shield)
rPois  .         Spirit   .     b - +0 helmet
rElec  .         Reflect  .     (no cloak)
rCorr  .         Harm     .     (no gloves)
MR     .....                    (no boots)
Stlth  +.........               (no amulet)
                                B - ring of wizardry
                                y - +4 ring of intelligence

@: lethally poisoned (0 -> -13), very slightly contaminated
A: claws 2, demonic guardian 1, rot immunity
a: Renounce Religion


You were on level 5 of the Dungeon.
You worshipped Okawaru.
Okawaru was demanding penance.
You were not hungry.

You visited 1 branch of the dungeon, and saw 5 of its levels.

You collected 253 gold pieces.

Inventory:

Missiles
 c - 3 throwing nets (quivered)
Armour
 b - a +0 helmet (worn)
 w - a +0 pair of gloves
 C - a cursed +0 leather armour (worn)
Jewellery
 y - a +4 ring of intelligence (left claw)
 B - a ring of wizardry (right claw)
Wands
 x - a wand of lightning (6/15)
Scrolls
 g - 3 scrolls of teleportation {unknown}
 i - 8 scrolls of identify {unknown}
 j - 2 scrolls of fog {unknown}
 k - a scroll of magic mapping {unknown}
 l - a scroll of enchant weapon {unknown}
 m - 3 scrolls of immolation {unknown}
 n - a scroll of noise {unknown}
 q - 2 scrolls of remove curse {unknown}
 u - a scroll of amnesia {unknown}
 v - a scroll of fear {unknown}
 A - a scroll of recharging {unknown}
Potions
 h - a potion of resistance {unknown}
 p - 2 potions of curing {unknown}
 r - 2 potions of might {unknown}
 t - a potion of magic
 z - 2 potions of brilliance {unknown}
Comestibles
 a - 2 chunks of flesh
 d - 4 bread rations
 f - 2 meat rations


   Skills:
 + Level 2.8 Fighting
 - Level 1.7 Throwing
 + Level 1.4 Armour
 + Level 3.4 Dodging
 * Level 6.6 Unarmed Combat
 - Level 4.6 Invocations


You had 6 spell levels left.
You didn't know any spells.

Dungeon Overview and Level Annotations

Branches:
Dungeon (5/15)
 Temple: D:4-7

Altars:
Okawaru


Innate Abilities, Weirdness & Mutations

You have very sharp fingernails.
A weak demonic guardian rushes to your aid.
You are immune to rotting.


Message History

The orc hits you with a dagger of venom.
* * * LOW HITPOINT WARNING * * *
You are lethally poisoned!
The orc barely misses you.
You scratch the orc.
The orc is moderately wounded.
* * * LOW HITPOINT WARNING * * *
You feel sick. The orc barely misses you. x2
You closely miss the orc.
The orc is moderately wounded.
* * * LOW HITPOINT WARNING * * *
You feel sick.
The orc hits you with a dagger of venom.
* * * LOW HITPOINT WARNING * * *
You are more poisoned.
It was a potion of magic.
Magic courses through your body.
* * * LOW HITPOINT WARNING * * *
You feel sick. The orc misses you.
The orc hits you with a dagger of venom.
You die...

.###
.......
.).....
.......
###.......
#.'.[.....
#)#.......
#[#o......
#.@o......
###.......
...†...
.......
##..$..
..... ##.#
.#


You could see 2 orcs.

Vanquished Creatures
  The ghost of TwoGrow the Poker, an amateur MfFi (D:5)
  The ghost of TwoGrow the Sneak, an amateur BaAs of Fedhas (D:4)
  An ogre (D:4)
  3 orc wizards
  A worker ant (D:5)
  Robin (D:4)
  6 adders
  3 gnolls (D:3)
  An ooze (D:2)
  An adder skeleton (D:4)
  A worm (D:4)
  3 dart slugs
  3 leopard geckos (D:2)
  14 orcs
  9 bats
  5 giant cockroaches
  15 goblins
  15 hobgoblins
  10 jackals
  3 quokkas (D:3)
  A ball python (D:1)
  3 frilled lizards
  11 kobolds
  8 rats
120 creatures vanquished.

Vanquished Creatures (collateral kills)
  Jessica (D:2)
  Ijyb (D:2)
  An orc wizard (D:4)
  A gnoll (D:3)
  5 orcs
  A frilled lizard (D:5)
10 creatures vanquished.

Grand Total: 130 creatures vanquished

Notes
Turn   | Place    | Note
-------+----------+-------------------------------------------
     0 | D:1      | HarleyQuinn the Demonspawn Gladiator began the quest for the Orb.
     0 | D:1      | Reached XP level 1. HP: 16/16 MP: 1/1
   376 | D:1      | Reached skill level 3 in Unarmed Combat
   558 | D:1      | Gained mutation: A weak demonic guardian rushes to your aid. [demonic ancestry]
   558 | D:1      | Reached XP level 2. HP: 10/22 MP: 2/2
  1531 | D:2      | Gained mutation: You have sharp fingernails. [demonic ancestry]
  1531 | D:2      | Reached XP level 3. HP: 27/27 MP: 3/3
  1589 | D:2      | Noticed Ijyb
  1612 | D:2      | Killed Ijyb
  1612 | D:2      | Reached skill level 4 in Unarmed Combat
  2061 | D:2      | Reached XP level 4. HP: 32/33 MP: 4/4
  2366 | D:2      | Noticed Jessica
  2374 | D:2      | Killed Jessica
  2547 | D:2      | Reached skill level 5 in Unarmed Combat
  3154 | D:3      | Reached XP level 5. HP: 36/38 MP: 5/5
  4238 | D:3      | Reached skill level 6 in Unarmed Combat
  4401 | D:4      | Noticed Robin
  4425 | D:4      | Killed Robin
  4792 | D:4      | Gained mutation: You have very sharp fingernails. [demonic ancestry]
  4792 | D:4      | Reached XP level 6. HP: 37/44 MP: 6/6
  4950 | D:4      | Found an iron altar of Okawaru.
  5078 | D:4      | Became a worshipper of Warmaster Okawaru
  5087 | D:4      | Noticed TwoGrow's ghost (amateur BaAs)
  5109 | D:4      | Killed TwoGrow's ghost
  5485 | D:4      | Reached * piety under Okawaru
  5625 | D:4      | Was placed under penance by Okawaru
  5627 | D:4      | Gained mutation: You are immune to rotting. [demonic ancestry]
  5627 | D:4      | Reached XP level 7. HP: 35/50 MP: 10/10
  6044 | D:4      | Noticed a minotaur
  6076 | D:5      | Entered Level 5 of the Dungeon
  6076 | D:5      | Noticed TwoGrow's ghost (amateur MfFi)
  6100 | D:5      | Killed TwoGrow's ghost
  6100 | D:5      | Reached skill level 1 in Armour
  6127 | D:5      | Slain by an orc

Vault maps used:
D:1:      lightli_arrival_quake, dk_noncrumbling_4
D:2:      kennysheep_six_static_rooms, uniq_iyjb, uniq_jessica
D:4:      first_bread, okawaru_gym_becter, uniq_robin, uniq_eustachio

Skill      XL: |  1  2  3  4  5  6  7 |
---------------+----------------------+-----
Unarmed Combat | 3 4 5 6 |  6.6
Invocations    | 4 |  4.6
Dodging        | 3 |  3.4
Armour         | 1 |  1.4
Fighting       | |  2.8
Throwing       | |  1.7

Action                   |  1- 3 |  4- 6 |  7- 9 || total
-------------------------+-------+-------+-------++-------
Melee: Unarmed           |   126 |   244 |    47 ||   417
       Punch             |     1 |     4 |     2 ||     7
  Use: Potion            |       |     3 |     5 ||     8
 Stab: Sleeping          |     1 |       |       ||     1
  Eat: Chunk             |     4 |     8 |       ||    12
       Meat ration       |       |     1 |       ||     1
Armor: Leather armour    |    29 |     7 |     8 ||    44
       Scale mail        |    14 |    88 |       ||   102
Dodge: Dodged            |    53 |   126 |    22 ||   201
